 Dungeon Crawl Stone Soup version 0.18-a0-1748-g7377c14 (webtiles) character file.

180 Ijustatesigmund the Skirmisher (level 5, -7/58 HPs)
             Began as an Ogre Hunter on Apr 12, 2016.
             Engulfed by a cloud of flame (20 damage)
             ... on level 3 of the Dungeon.
             The game lasted 00:08:13 (3447 turns).

Ijustatesigmund the Skirmisher (Ogre Hunter)        Turns: 3447, Time: 00:08:15

Health: -7/58      AC:  3    Str: 17    XL:     5   Next: 60%
Magic:  0/5        EV: 10    Int: 10    God:
Gold:   89         SH:  0    Dex: 11    Spells: 0 memorised, 4 levels left

rFire  . . .     SeeInvis .     s - +0 flail
rCold  . . .     Gourm    .     b - +0 robe
rNeg   . . .     Faith    .     (no shield)
rPois  .         Spirit   +     (helmet restricted)
rElec  .         Dismiss  .     (no cloak)
rCorr  .         Reflect  .     (gloves unavailable)
SustAt +         Harm     .     (boots unavailable)
MR     .....                    e - amulet of guardian spirit
Stlth  +.........               q - ring of wizardry
                                g - ring of sustain attributes

@: not resistant to hostile enchantments, very unstealthy
A: unfitting armour, tough skin 1
a: no special abilities


You were on level 3 of the Dungeon.
You were not hungry.

You visited 1 branch of the dungeon, and saw 3 of its levels.

You collected 89 gold pieces.

Inventory:

Hand Weapons
 h - a +0 whip
 s - a +0 flail (weapon)
Missiles
 l - 7 tomahawks (quivered)
Armour
 b - a +0 robe (worn)
Jewellery
 e - an amulet of guardian spirit (around neck)
 g - a ring of sustain attributes (left hand)
 q - a ring of wizardry (right hand)
Scrolls
 i - a scroll of magic mapping
Potions
 j - a potion of curing {unknown}
 k - a potion of resistance {unknown}
 n - a potion of flight {unknown}
 o - a potion of mutation {unknown}
 p - a potion of haste {unknown}
Comestibles
 a - a meat ration
 c - 3 chunks of flesh
 f - 4 bread rations


   Skills:
 + Level 5.6 Fighting
 + Level 4.6 Maces & Flails
 - Level 4.0 Throwing
 - Level 1.7 Dodging
 - Level 0.7 Stealth


You had 4 spell levels left.
You didn't know any spells.

Dungeon Overview and Level Annotations

Branches:
Dungeon (3/15)

Altars:


Innate Abilities, Weirdness & Mutations

You are too large for most types of armour.
You have tough skin (AC +1).


Message History

Press: ? - help, Shift-Dir - straight line, f - gnoll, p - gnoll
Aim: a gnoll (severely wounded, inner flame)
You throw a throwing net.
The throwing net closely misses the gnoll.
The throwing net hits the gnoll.
The gnoll is moderately wounded.
The gnoll struggles against the net.
You hit the gnoll.
The gnoll explodes!
The fiery explosion engulfs you!
* * * LOW HITPOINT WARNING * * *
The fiery explosion engulfs the gnoll.
The gnoll explodes!
The fiery explosion engulfs the rat.
You kill the rat!
The fiery explosion engulfs the gnoll.
The gnoll explodes!
You hear a splash.
You are engulfed in roaring flames.
You die...

###.##### #........
#.#.##### #†#.#
#.###)#.# #....†..#
#####.###
############.#########.#
............†..K@§§§%g.(
P...≈≈≈≈≈≈≈≈≈)≈≈§§§§≈≈≈.
....≈≈≈≈≈≈≈≈≈≈≈≈≈§§§≈≈≈.
....≈≈#####≈≈≈≈≈≈≈≈≈≈≈≈.
....≈≈#..g#.............
...P≈≈#...#############'
....≈≈###+# ....≈≈≈.
....≈≈≈.


You could see a hobgoblin and a kobold (inner flame).

Vanquished Creatures
  2 adders (D:2)
  8 gnolls (D:3)
  An ooze (D:1)
  A worm (D:3)
  3 giant geckos (D:1)
  10 bats
  3 giant cockroaches
  5 goblins
  5 hobgoblins
  12 jackals (D:3)
  2 quokkas (D:2)
  A giant newt (D:3)
  11 kobolds
  12 rats
76 creatures vanquished.

Notes
Turn   | Place    | Note
--------------------------------------------------------------
     0 | D:1      | Ijustatesigmund the Ogre Hunter began the quest for the Orb.
     0 | D:1      | Reached XP level 1. HP: 22/22 MP: 1/1
    29 | D:1      | Reached skill level 3 in Fighting
   438 | D:1      | Reached XP level 2. HP: 9/31 MP: 0/2
   447 | D:1      | Reached skill level 1 in Maces & Flails
  1023 | D:1      | Reached XP level 3. HP: 39/39 MP: 3/3
  1084 | D:1      | Reached skill level 4 in Fighting
  2004 | D:2      | Reached XP level 4. HP: 29/49 MP: 2/4
  3235 | D:3      | Reached skill level 5 in Fighting
  3398 | D:3      | Reached XP level 5. HP: 42/57 MP: 5/5
  3447 | D:3      | Engulfed by a cloud of flame

Vault maps used:
D:1:      dpeg_arrival_ternary
D:2:      first_bread
D:3:      lemuel_castle_with_subvaults, zin_academy, minmay_lizard_king,
          uniq_sigmund

Skill      XL: |  1  2  3  4  5 |
---------------+----------------+-----
Fighting       | 3 4 5 |  5.6
Maces & Flails | 2 3 4 |  4.6
Throwing       | |  4.0
Dodging        | |  1.7
Stealth        | |  0.7

Action                   |  1- 3 |  4- 6 || total
-------------------------+-------+-------++-------
Melee: Whip              |   148 |   171 ||   319
       Short sword       |     7 |       ||     7
       Flail             |       |     1 ||     1
Throw: Large rock        |     8 |    16 ||    24
       Throwing net      |       |     3 ||     3
  Use: Scroll            |     5 |     1 ||     6
 Stab: Sleeping          |     1 |       ||     1
  Eat: Chunk             |     3 |     5 ||     8
Armor: Robe              |    38 |    75 ||   113
Dodge: Dodged            |    85 |   123 ||   208
